 Dungeon Sprint DCSS version 0.30.1-9-gdf580d7c3d (webtiles) character file.

Game seed: 7413630685065279049

128 Heoruswealwe the Spear-Bearer (level 4, 0/39 HPs)
             Began as a Minotaur Fighter on Sept 27, 2023.
             Slain by a wyvern (5 damage)
             ... in the Dungeon (Sprint IX: "|||||||||||||||||||||||||||||").
             The game lasted 00:01:19 (200 turns).

Heoruswealwe the Spear-Bearer (Minotaur Fighter)     Turns: 200, Time: 00:01:19

Health: 0/39       AC:  6    Str: 22    XL:     4   Next: 87%
Magic:  3/3        EV:  9    Int:  5    God:
Gold:   0          SH:  4    Dex: 10    Spells: 3/3 levels left

rFire   . . .        a - +0 trident
rCold   . . .        d - +0 buckler
rNeg    . . .        c - +0 scale mail
rPois   .            (helmet restricted)
rElec   .            (no cloak)
rCorr   .            (no gloves)
SInv    .            (no boots)
Will    .....        (no amulet) Stlth
                     (no ring)
HPRegen 0.26/turn    (no ring)
MPRegen 0.08/turn

%: no teleportation
@: no status effects
A: horns 2, retaliatory headbutt
a: no special abilities


You were in the Dungeon.
You visited 1 branch

Inventory:

Hand Weapons
 a - a +0 trident (weapon)
Armour
 c - a +0 scale mail (worn)
 d - a +0 buckler (worn)
Jewellery
 m - a +3 ring of strength
 n - a +3 ring of dexterity
Wands
 l - a wand of roots (10)
Scrolls
 j - 2 scrolls of blinking
 k - 2 scrolls of amnesia
Potions
 b - a potion of might
 e - a potion of invisibility
 f - 2 potions of heal wounds
 g - a potion of haste
 h - 4 potions of curing
 i - a potion of berserk rage


   Skills:
 - Level 3.6 Fighting
 + Level 11.8 Polearms
 - Level 3.6 Armour
 - Level 3.6 Shields


You had 3 spell levels left.
You didn't know any spells.
Your spell library was empty.

Dungeon Overview and Level Annotations

Branches:
Dungeon (1/1)

Altars:
Cheibriados
Dithmenos
Elyvilon
Fedhas
Gozag
Hepliaklqana
Kikubaaqudgha
Makhleb
Nemelex Xobeh
Okawaru
Qazlal
Ru
Sif Muna
Trog
Uskayaw
Vehumet
Wu Jian
Xom
Yredelemnul
Zin
The Shining One
Jiyva
Lugonu


Innate Abilities, Weirdness & Mutations

You have a pair of horns on your head.
You reflexively headbutt those who attack you in melee.


Message History

There is a hide-covered altar of Uskayaw here.
There is a radiant altar of Vehumet here.
There is an ornate altar of the Wu Jian Council here.
There is a shimmering altar of Xom here.
There is a basalt altar of Yredelemnul here.
There is a glowing silver altar of Zin here.
There is a glowing golden altar of the Shining One here.
You open the door.
Found five items.
Found a +1 chain mail.
There is an open door here.
Found a +3 ring of strength.
e - a potion of invisibility;
f - 2 potions of heal wounds
h - 4 potions of curing You see here 2 potions of magic.
Found a +3 ring of dexterity.
k - 2 scrolls of amnesia;
j - 2 scrolls of blinking (gained 1)
l - a wand of roots (10)
Items here: )))))).
You see here a +0 helmet.
You see here a +0 pair of boots.
You see here a +1 chain mail.
m - a +3 ring of strength
n - a +3 ring of dexterity You open the door.
A yak, an acid dragon, an orc wizard, a troll, a kobold demonologist and a wyvern come into view.
The orc wizard shouts!
The troll shouts!
The orc wizard casts a spell.
The orc wizard flickers and vanishes!
Deactivating autopickup; reactivate with Ctrl-A.
The wyvern bites you! The wyvern attacks as you move away!
The wyvern closely misses you.
The kobold demonologist gestures wildly while chanting.
The wyvern bites you!
* * * LOW HITPOINT WARNING * * *
You see here a +1 chain mail.
The kobold demonologist looks satisfied for a moment.
You see here a +0 pair of boots.
The wyvern attacks as you move away! The wyvern bites you.
You die...

▓D▓
▓{▓
▓T▓
▓K▓
▓'▓
▓.▓
▓4▓
▓l▓
▓@▓
▓[▓
▓.▓
▓)▓
▓.▓
▓!▓
▓'▓
▓_▓
▓_▓


You could see a rust devil (summoned), a kobold demonologist, a troll and a
wyvern.

Vanquished Creatures
  A scorpion (D)
  2 iguanas (D)
  An adder (D)
  A dart slug (D)
  A kobold (D)
  A bat (D)
  A frilled lizard (D)
  2 rats (D)
10 creatures vanquished.

Notes
Turn   | Place    | Note
-------+----------+-------------------------------------------
     0 | D        | Heoruswealwe the Minotaur Fighter began the quest for the
                  | Orb.
     0 | D        | Reached XP level 1. HP: 19/19 MP: 0/0
     6 | D        | Reached skill level 3 in Polearms
    13 | D        | Reached skill level 4 in Polearms
   120 | D        | Noticed an iguana
   120 | D        | Noticed a scorpion
   120 | D        | Noticed an iguana
   125 | D        | Reached skill level 5 in Polearms
   132 | D        | Killed an iguana
   133 | D        | Reached skill level 7 in Polearms
   133 | D        | Reached XP level 2. HP: 15/26 MP: 1/1
   133 | D        | Reached XP level 3. HP: 18/31 MP: 2/2
   135 | D        | Killed a scorpion
   136 | D        | Reached skill level 10 in Polearms
   136 | D        | Reached XP level 4. HP: 29/39 MP: 3/3
   139 | D        | Reached skill level 11 in Polearms
   154 | D        | Found a snail-covered altar of Cheibriados.
   154 | D        | Found a shadowy altar of Dithmenos.
   154 | D        | Found a white marble altar of Elyvilon.
   154 | D        | Found a blossoming altar of Fedhas.
   154 | D        | Found an opulent altar of Gozag.
   155 | D        | Found a hazy altar of Hepliaklqana.
   156 | D        | Found a viscous altar of Jiyva.
   157 | D        | Found an ancient bone altar of Kikubaaqudgha.
   158 | D        | Found a corrupted altar of Lugonu.
   159 | D        | Found a burning altar of Makhleb.
   160 | D        | Found a sparkling altar of Nemelex Xobeh.
   161 | D        | Found an iron altar of Okawaru.
   162 | D        | Found a stormy altar of Qazlal.
   163 | D        | Found a sacrificial altar of Ru.
   164 | D        | Found a shimmering blue altar of Sif Muna.
   165 | D        | Found a bloodstained altar of Trog.
   166 | D        | Found a hide-covered altar of Uskayaw.
   167 | D        | Found a radiant altar of Vehumet.
   168 | D        | Found an ornate altar of the Wu Jian Council.
   169 | D        | Found a shimmering altar of Xom.
   170 | D        | Found a basalt altar of Yredelemnul.
   171 | D        | Found a glowing silver altar of Zin.
   172 | D        | Found a glowing golden altar of the Shining One.
   196 | D        | Noticed a yak
   196 | D        | Noticed an acid dragon
   196 | D        | Noticed a troll
   196 | D        | Noticed a kobold demonologist
   196 | D        | Noticed a wyvern
   199 | D        | Noticed a rust devil
   200 | D        | Slain by a wyvern

Illustrated notes

Levels and vault maps discovered:
D:        linesprint [early_d, line_temple, items_1, d_10, items_2, lair_1,
          lair_end, items_3, orc_1, orc_end, items_4, d_15, swamp_1, shoals_1,
          snake_1, spider_1, d_20, vaults_1, items_5, swamp_end, shoals_end,
          snake_end, spider_end, vaults_end, d_27, items_6, zot_1, zot_end,
          crypt_end, forest_end, elf_end, slime_end, tomb_end, abyss_end,
          pan_hell_end]

Skill      XL: |  1  2  3  4 |
---------------+-------------+-----
Polearms       | 7 10 11 | 11.8
Fighting       | |  3.6
Armour         | |  3.6
Shields        | |  3.6

Action                     |  1- 3 |  4- 6 || total
---------------------------+-------+-------++-------
  Melee: Trident           |    21 |    13 ||    34
         Headbutt          |     2 |       ||     2
    Use: Potion            |     2 |       ||     2
 Armour: Scale mail        |     3 |     2 ||     5
  Dodge: Dodged            |    12 |     4 ||    16
  Block: Buckler           |     2 |     4 ||     6
